 Dungeon Crawl Stone Soup version 0.28-a0-706-gf6f64a616a (webtiles) character file.

Game seed: 7226839198610866086

426 KoroneIsBestGirl the Skirmisher (level 6, -4/51 HPs)
             Began as a Barachi Fighter on Oct 24, 2021.
             Slain by a scorpion (7 damage)
             ... on level 4 of the Dungeon.
             The game lasted 00:02:45 (3091 turns).

KoroneIsBestGirl the Skirmisher (Barachi Fighter)   Turns: 3091, Time: 00:02:46

Health: -4/51      AC: 10    Str: 20    XL:     6   Next: 97%
Magic:  6/6        EV:  9    Int:  8    God:
Gold:   203        SH:  5    Dex: 11    Spells: 5/5 levels left

rFire   . . .      SeeInvis .   a - +0 long sword
rCold   . . .      Faith    .   c - +0 buckler
rNeg    . . .      Spirit   .   b - +0 scale mail
rPois   .          Reflect  .   (no helmet)
rElec   .          Harm     .   (no cloak)
rCorr   .          Rampage  .   h - +2 pair of gloves
Will    .....                   (no boots)
Stlth   ..........              n - amulet of magic regeneration
HPRegen 0.17/turn               (no ring)
MPRegen 0.35/turn               (no ring)

@: mighty, lethally poisoned (-4 -> -6), slow
A: amphibious, slowness 1, strong legs 1, +LOS
a: Hop


You were on level 4 of the Dungeon.
You visited 1 branch of the dungeon, and saw 4 of its levels.

You collected 203 gold pieces.

Inventory:

Hand Weapons
 a - a +0 long sword (weapon)
Armour
 b - a +0 scale mail (worn)
 c - a +0 buckler (worn)
 h - a +2 pair of gloves (worn)
Jewellery
 n - an amulet of magic regeneration (around neck)
Scrolls
 e - a scroll of fear {unknown}
 f - 4 scrolls of identify {unknown}
 g - a scroll of acquirement {unknown}
 m - a scroll of blinking {unknown}
Potions
 i - a potion of brilliance {unknown}
 j - a potion of degeneration {unknown}
 k - a potion of curing {unknown}
 l - 2 potions of magic {unknown}


   Skills:
 + Level 5.5 Fighting
 + Level 4.7 Long Blades
 + Level 5.5 Armour
 - Level 5.0 Shields


You had 5 spell levels left.
You didn't know any spells.
Your spell library contained the following spells:

 Spells                   Type           Power      Damage    Failure   Level
 Sublimation of Blood     Necr           0%         N/A       86%         2
 Wereblood                Tmut           0%         N/A       86%         2
 Summon Hydra             Summ           0%         N/A       100%        7


Dungeon Overview and Level Annotations

Branches:
Dungeon (4/15)
 Temple: D:4-7

Altars:
Elyvilon
Ru
Uskayaw

Shops:
D:4 *

Annotations:
D:3 2 transporters, McGhostyFace's ghost, amateur GnWn


Innate Abilities, Weirdness & Mutations

You are amphibious.
You cover ground slowly.
You can hop short distances.
You have an extended range of vision and can be seen from far away.


Message History

You feel very sick.
The scorpion stings you but does no damage.
You block the endoplasm's attack.
Unknown command.
You hit the scorpion.
The scorpion is heavily wounded.
You feel sick. The scorpion stings you. The endoplasm freezes you.
You are frozen.
The scorpion stings you but does no damage.
Unknown command.
You are too injured to fight recklessly!
Unknown command.
You are too injured to fight recklessly!
Unknown command.
Unknown command.
You are too injured to fight recklessly!
Unknown command.
You are too injured to fight recklessly!
You hit the scorpion.
The scorpion is severely wounded.
You feel sick. The endoplasm freezes you.
You are frozen.
The scorpion stings you but does no damage.
The endoplasm freezes you.
You are frozen.
* * * LOW HITPOINT WARNING * * *
You barely miss the scorpion.
The scorpion is severely wounded.
You feel sick. The scorpion stings you.
* * * LOW HITPOINT WARNING * * *
The endoplasm freezes you.
You are frozen.
* * * LOW HITPOINT WARNING * * *
Unknown command.
You feel very mighty all of a sudden.
* * * LOW HITPOINT WARNING * * *
You feel sick. The scorpion stings you!
You die...

.#......# .#......#
.#......# ##......#######
###'#####.....#
......#.......##########
......')...............#
......#................#
.######.........@s.....#
##...##.......##.J.....#
...P..........##.......#
##...#..##.<..##.......#
######'##....##.......#
........#.....#..........
........#.....#..........
........#.....#..........
........#.....#..?.......


You could see a scorpion and an endoplasm.

Vanquished Creatures
  An ogre (D:4)
  A necrophage (D:3)
  A phantom (D:4)
  A water moccasin skeleton (D:4)
  An orc wizard (D:3)
  4 adders (D:2)
  An adder skeleton (D:4)
  A worm (D:2)
  An orc (D:3)
  8 endoplasms
  5 giant cockroaches
  4 goblins
  6 hobgoblins
  5 jackals
  9 kobolds
  2 quokkas (D:1)
  10 ball pythons
  6 bats
  2 frilled lizards
  6 rats
75 creatures vanquished.

Notes
Turn   | Place    | Note
-------+----------+-------------------------------------------
     0 | D:1      | KoroneIsBestGirl the Barachi Fighter began the quest for
                  | the Orb.
     0 | D:1      | Reached XP level 1. HP: 18/18 MP: 1/1
   352 | D:1      | Reached XP level 2. HP: 24/25 MP: 2/2
   750 | D:1      | Reached XP level 3. HP: 30/30 MP: 3/3
  1068 | D:2      | Found a hide-covered altar of Uskayaw.
  1282 | D:2      | Reached XP level 4. HP: 37/37 MP: 4/4
  1876 | D:3      | Noticed McGhostyFace's ghost (amateur GnWn)
  1879 | D:3      | Found a transporter.
  1911 | D:3      | Noticed a necrophage
  1969 | D:3      | Found a sacrificial altar of Ru.
  1977 | D:3      | Reached XP level 5. HP: 43/43 MP: 5/5
  2128 | D:3      | Found a transporter.
  2189 | D:3      | Found a hide-covered altar of Uskayaw.
  2211 | D:3      | Killed a necrophage
  2212 | D:3      | Reached skill level 5 in Armour
  2547 | D:4      | Noticed a phantom
  2556 | D:4      | Killed a phantom
  2557 | D:4      | Reached skill level 5 in Fighting
  2557 | D:4      | Reached XP level 6. HP: 38/51 MP: 6/6
  2754 | D:4      | Found Ukkeptah's Assorted Antiques.
  2837 | D:4      | Reached skill level 5 in Shields
  3024 | D:4      | Found a white marble altar of Elyvilon.
  3091 | D:4      | Slain by a scorpion

Illustrated notes

Levels and vault maps discovered:
D:1:      heliophobic_arrival_glass_houses, layout_basic
D:2:      layout_rooms, basic_altar
D:3:      layout_basic, nicolae_uskayaw_suspiria,
          nicolae_ru_great_annihilating_truth, gammafunk_ghost_arena
D:4:      layout_gridville, elyvilon_altar_1, serial_shops,
          nicolae_shop_statue_plus

Skill      XL: |  1  2  3  4  5  6 |
---------------+-------------------+-----
Armour         | 4 5 |  5.5
Fighting       | 4 5 |  5.5
Long Blades    | 3 4 |  4.7
Shields        | 4 5 |  5.0

Action                   |  1- 3 |  4- 6 || total
-------------------------+-------+-------++-------
Melee: Long sword        |   132 |   120 ||   252
  Use: Potion            |       |     1 ||     1
 Stab: Paralysed         |       |     1 ||     1
Armor: Scale mail        |    89 |    66 ||   155
Dodge: Dodged            |   105 |    52 ||   157
Block: Buckler           |    31 |    28 ||    59

Table legend: (Time is in decaauts)
 A = Elapsed time spent in this place.
 B = Non-inter-level travel time spent in this place.
 C = Inter-level travel time spent in this place.
 D = Time resting spent in this place.
 E = Time spent auto-exploring this place.
 F = Levels seen in this place.
 G = Mean time per level.
                   A        B        C        D        E       F      G
               +--------+--------+--------+--------+--------+-----+--------+
         Total |   3507 |   3409 |     98 |      0 |   2810 |   4 |  876.8 |
       Dungeon |   3507 |   3409 |     98 |      0 |   2810 |   4 |  876.8 |
               +--------+--------+--------+--------+--------+-----+--------+

Top non-repeatable levels by time:
     D:1: 1174 daAuts
     D:3: 1037 daAuts
     D:2: 699 daAuts
     D:4: 596 daAuts
